 Dungeon Crawl Stone Soup version 0.28-b1-1-g3c77fb2ed1 (webtiles) character file.

Game seed: 6908400746554814947

19950 McKennaii the Devastator (level 12, -6/81 HPs)
             Began as a Demigod Conjurer on Jan 29, 2022.
             Engulfed by a cloud of flame (19 damage)
             ... in a volcano.
             The game lasted 00:34:35 (15421 turns).

McKennaii the Devastator (Demigod Conjurer)        Turns: 15421, Time: 00:34:35

Health: -6/81      AC:  7    Str:  8    XL:     12   Next: 13%
Magic:  30/30      EV: 11    Int: 36    God:
Gold:   662        SH:  7    Dex: 12    Spells: 12/31 levels left

rFire   . . .      SeeInvis .   K - +2 trident (flame)
rCold   . . .      Faith    .   M - +2 buckler
rNeg    . . .      Spirit   .   h - +2 robe {Archmagi}
rPois   .          Reflect  .   e - +0 helmet
rElec   .          Harm     +   x - scarf {harm}
rCorr   +          Rampage  .   a - +0 pair of gloves {hurl}
Will    +....      Archmagi +   L - +0 pair of boots
Stlth   ++........              B - amulet of magic regeneration
HPRegen 0.23/turn               m - ring of resist corrosion
MPRegen 0.62/turn               q - ring of wizardry

@: no status effects
A: high mp 1, forlorn, divine attributes
a: no special abilities


You were in a volcano.
You visited 2 branches of the dungeon, and saw 13 of its levels.
You also visited: Volcano.

You collected 824 gold pieces.
You spent 162 gold pieces at shops.

Inventory:

Hand Weapons
 t - a +2 scimitar of flaming
 K - a +2 trident of flaming (weapon)
Armour
 a - a +0 pair of gloves of hurling (worn)
 e - a +0 helmet (worn)
 h - a +2 robe of the Archmagi (worn)
 k - an orb of guile
 x - a scarf of harm (worn)
 L - a +0 pair of boots (worn)
 M - a +2 buckler (worn)
Jewellery
 m - a ring of resist corrosion (left hand)
 q - a ring of wizardry (right hand)
 B - an amulet of magic regeneration (around neck)
Wands
 s - a wand of digging (11)
 v - a wand of polymorph (13)
 E - a wand of paralysis (18)
 F - a wand of iceblast (7)
 N - a wand of mindburst (8)
Scrolls
 d - 3 scrolls of immolation
 f - 8 scrolls of teleportation
 j - a scroll of amnesia
 l - 3 scrolls of magic mapping
 o - a scroll of vulnerability
 p - 3 scrolls of fog
 u - a scroll of noise {unknown}
 w - 3 scrolls of enchant weapon
 y - a scroll of enchant armour {unknown}
 z - 5 scrolls of identify
 G - a scroll of brand weapon {unknown}
 H - 2 scrolls of fear {unknown}
Potions
 b - 6 potions of ambrosia
 c - a potion of brilliance
 g - 3 potions of curing
 i - 3 potions of attraction
 n - 2 potions of lignification
 r - a potion of magic
 A - 2 potions of mutation
 C - a potion of resistance
 D - a potion of invisibility {unknown}
 I - 4 potions of heal wounds {unknown}
 J - 2 potions of might {unknown}
 O - a potion of haste


   Skills:
 - Level 1.7 Dodging
 - Level 1.7 Stealth
 - Level 4.0 Shields
 - Level 10.0 Spellcasting
 * Level 15.2 Conjurations
 + Level 3.2 Air Magic


You had 12 spell levels left.
You knew the following spells:

 Your Spells              Type           Power      Damage    Failure   Level
a - Magic Dart            Conj           100%       1d8       0%          1
b - Searing Ray           Conj           100%       2d8       0%          2
c - Iskenderun's Mystic   Conj/Tloc      83%        2d16      1%          4
d - Lightning Bolt        Conj/Air       45%        1d65      1%          5
e - Orb of Destruction    Conj           56%        9d14      1%          7

Your spell library contained the following spells:

 Spells                   Type           Power      Damage    Failure   Level
 Sandblast                Erth           54%        2d13      1%          1
 Slow                     Hex            100%       N/A       1%          1
 Summon Small Mammal      Summ           100%       N/A       1%          1
 Passwall                 Tmut/Erth      22%        N/A       1%          2
 Static Discharge         Conj/Air       91%        N/A       1%          2
 Dazzling Flash           Conj/Hex       100%       N/A       1%          3
 Stone Arrow              Conj/Erth      100%       3d13      1%          3
 Fulminant Prism          Conj/Hex       41%        3d20      1%          4
 Sticky Flame             Conj/Fire      83%        2d9       1%          4
 Call Canine Familiar     Summ           27%        N/A       3%          3
 Confusing Touch          Hex            27%        N/A       3%          3
 Frozen Ramparts          Ice            54%        1d7       3%          3
 Portal Projectile        Hex/Tloc       54%        N/A       3%          3
 Summon Guardian Golem    Hex/Summ       27%        N/A       3%          3
 Vampiric Draining        Necr           27%        2d7       3%          3
 Dispel Undead            Necr           27%        3d13      12%         4
 Ice Form                 Ice/Tmut       27%        N/A       12%         4
 Leda's Liquefaction      Hex/Erth       13%        N/A       12%         4
 Summon Ice Beast         Ice/Summ       27%        N/A       12%         4
 Spellforged Servitor     Conj/Summ      41%        N/A       38%         7
 Maxwell's Capacitive Co  Air            29%        ∞         100%        8


Dungeon Overview and Level Annotations

Branches:
Dungeon (12/15)            Temple (0/1) D:7            Lair (1/6) D:11
    Orc (0/2) D:11        Volcano (1/1)

Shops:
D:1 [   D:4 ?


Innate Abilities, Weirdness & Mutations

You have an increased reservoir of magic. (+10% MP)
You shall have no god before yourself.
Your divine heritage dramatically boosts your attributes as you level up.


Message History

The lava snake hisses angrily.
Casting: Searing Ray (safe; 0% risk of failure)
Confirm with . or Enter, or press ? or * to list all spells.
Aiming: Orb of Destruction (dangerous; 1% risk of failure)
Press: ? - help, Shift-Dir - straight line, f - lava snake
Aim: a lava snake (black smoke, lava)
You feel a surge of power! The lava snake spits lava at you.
The glob of lava misses you.
Unknown command.
The orb of destruction hits the lava snake!!!!
You blow up the lava snake!
You start resting.
A lava snake comes into view.
Casting: Orb of Destruction (dangerous; 1% risk of failure)
Confirm with . or Enter, or press ? or * to list all spells.
Aiming: Orb of Destruction (dangerous; 1% risk of failure)
Press: ? - help, Shift-Dir - straight line, f - lava snake
Aim: a lava snake (lava, wandering, hasn't noticed you)
You feel a surge of power!
The lava snake hisses angrily.
Unknown command.
The orb of destruction hits the lava snake!!!
You blow up the lava snake!
You start resting.
Magic restored.
You start resting.
HP restored.
The air gets thick with the scent of sulphur.
The volcano roars to life, belching forth lava!
You are engulfed in blazing flames.
You are engulfed in blazing flames.
You start resting.
The air gets thick with the scent of sulphur.
The volcano roars to life, belching forth lava!
You are engulfed in blazing flames.
You are engulfed in blazing flames.
* * * LOW HITPOINT WARNING * * *
You feel better.
You are engulfed in blazing flames.
You die...

≈≈≈≈ §≈≈≈≈≈≈≈§§§§§≈≈≈≈≈
§§§§§§≈≈§≈°○≈≈≈≈≈°≈○°○○○
§§§§§§≈§≈°§°§○≈§○°≈°○°°.
≈§§§§§≈≈≈≈§≈§°°§°○°.○°°○
..≈§≈≈..≈°§§°°°○.○°○○○°.
.........°○○.°○.°°.○○○#
..........○○○°°○○.°°#
.........○°°○○○°°°○#
....###...####○○@###
.##.....###°○°####
######### #####


There were no monsters in sight!

Vanquished Creatures
  The ghost of nogo the Basher, a journeyman TrFi of Okawaru (D:9)
  2 boulder beetles
  A hydra (Lair:1)
  2 two-headed ogres
  A manticore (D:12)
  A cyclops (D:12)
  An elephant (D:11)
  A gargoyle (D:12)
  A kobold demonologist (D:12)
  Maggie (D:8)
  An unseen horror (D:11)
  A komodo dragon (Lair:1)
  A meliai (D:9)
  A queen bee (D:9)
  A troll (D:11)
  The ghost of hitsuchi the Changer, an amateur DrTm (D:4)
  A hornet (D:9)
  2 shadows
  2 wraiths
  2 wyverns
  6 fire bats (D:7)
  A basilisk (D:11)
  20 yaks
  The ghost of H0rd4k the Charlatan, an amateur HuAr (D:4)
  Menkaure (D:7)
  An acid dragon (D:11)
  A hell hound (D:7)
  3 water moccasins
  3 orc warriors
  A swamp drake (D:11)
  3 ogres
  2 black bears
  An ice beast (D:6)
  6 necrophages (D:8)
  A wolf (Lair:1)
  17 centaurs
  A phantom (D:7)
  5 kobold brigands
  3 bullfrogs
  3 wyvern zombies (D:8)
  A gnoll sergeant (D:9)
  A scorpion (D:4)
  16 killer bees
  15 wights
  3 howler monkeys (D:7)
  An electric eel (Lair:1)
  A bullfrog zombie (D:3)
  4 centaur zombies
  2 lava snakes (Volcano)
  3 hounds (D:5)
  A jelly (D:4)
  14 orc priests
  2 centaur skeletons
  4 iguanas
  8 orc wizards
  A killer bee zombie (D:8)
  2 hound skeletons (D:5)
  2 mummies (D:8)
  5 howler monkey zombies
  8 gnolls
  8 adders
  A shadow imp (D:6)
  2 ufetubi
  4 worms
  3 dart slugs
  42 orcs
  6 endoplasms
  5 giant cockroaches
  6 goblins
  8 hobgoblins
  7 jackals (D:3)
  5 quokkas
  8 ball pythons
  5 bats
  6 frilled lizards
  21 kobolds
  4 rats
340 creatures vanquished.

Vanquished Creatures (others)
  3 fungi
  4 plants
  6 withered plants (D:4)
13 creatures vanquished.

Grand Total: 353 creatures vanquished

Notes
Turn   | Place    | Note
-------+----------+-------------------------------------------
     0 | D:1      | McKennaii the Demigod Conjurer began the quest for the Orb.
     0 | D:1      | Reached XP level 1. HP: 14/14 MP: 5/5
   384 | D:1      | Reached XP level 2. HP: 20/20 MP: 1/7
   485 | D:1      | Reached skill level 4 in Conjurations
   662 | D:1      | Found Miacis's Antique Armour Emporium.
  1190 | D:1      | Learned a level 2 spell: Searing Ray
  1218 | D:1      | Reached XP level 3. HP: 11/26 MP: 1/9
  2287 | D:3      | Reached XP level 4. HP: 33/33 MP: 1/10
  2522 | D:3      | Reached skill level 5 in Conjurations
  2887 | D:3      | Reached XP level 5. HP: 32/38 MP: 2/12
  3277 | D:3      | Noticed an ogre
  3284 | D:3      | Killed an ogre
  3285 | D:3      | Reached skill level 6 in Conjurations
  3285 | D:3      | Reached XP level 6. HP: 45/45 MP: 4/14
  3290 | D:3      | Learned a level 4 spell: Iskenderun's Mystic Blast
  3637 | D:4      | Found a runed translucent gate.
  3637 | D:4      | Found a runed translucent gate.
  3638 | D:4      | Found a runed translucent gate.
  3654 | D:4      | Noticed H0rd4k's ghost (amateur HuAr)
  3654 | D:4      | Noticed hitsuchi's ghost (amateur DrTm)
  4353 | D:4      | Reached XP level 7. HP: 38/50 MP: 8/16
  4556 | D:4      | Found Tishraw's Magic Scroll Shoppe.
  4559 | D:4      | Bought a scroll of blinking for 97 gold pieces
  4559 | D:4      | Bought a scroll of teleportation for 39 gold pieces
  4559 | D:4      | Bought a scroll of identify for 26 gold pieces
  4685 | D:4      | Reached skill level 7 in Conjurations
  4784 | D:5      | Entered Level 5 of the Dungeon
  5388 | D:5      | Reached skill level 8 in Conjurations
  5628 | D:6      | Reached skill level 5 in Spellcasting
  5628 | D:6      | Reached XP level 8. HP: 33/57 MP: 7/19
  6220 | D:7      | Reached skill level 9 in Conjurations
  6308 | D:7      | Noticed Menkaure
  6314 | D:7      | Killed Menkaure
  6342 | D:7      | Noticed a boulder beetle
  6350 | D:7      | Found a staircase to the Ecumenical Temple.
  6521 | D:8      | Reached skill level 10 in Conjurations
  6521 | D:8      | Reached XP level 9. HP: 36/62 MP: 4/22
  6670 | D:8      | Noticed a two-headed ogre
  6688 | D:8      | Killed a two-headed ogre
  6916 | D:8      | Reached skill level 11 in Conjurations
  7701 | D:8      | Noticed Maggie
  7714 | D:8      | Killed Maggie
  7997 | D:9      | Reached XP level 10. HP: 69/69 MP: 21/25
  8389 | D:9      | Reached skill level 12 in Conjurations
  8413 | D:10     | Entered Level 10 of the Dungeon
  8428 | D:9      | Found a transporter.
  8428 | D:9      | Found a transporter.
  8442 | D:9      | Noticed nogo's ghost (journeyman TrFi)
  8659 | D:4      | Killed H0rd4k's ghost
  8666 | D:4      | Killed hitsuchi's ghost
  8779 | D:7      | Learned a level 7 spell: Orb of Destruction
  8867 | D:7      | Found a transporter.
  9124 | D:7      | Found a transporter.
  9388 | D:7      | Killed a boulder beetle
  9445 | D:7      | Reached skill level 13 in Conjurations
 10375 | D:9      | Reached skill level 1 in Shields
 10376 | D:9      | Killed nogo's ghost
 10670 | D:10     | Reached XP level 11. HP: 66/74 MP: 14/28
 11024 | D:10     | Identified the +2 quarterstaff of Misery {flame, *Slow
                  | rElec MP-9 Int+7}
 11866 | D:11     | Reached skill level 14 in Conjurations
 12166 | D:11     | Found a staircase to the Lair.
 13131 | D:11     | Found a staircase to the Orcish Mines.
 13194 | D:11     | Learned a level 5 spell: Lightning Bolt
 13388 | D:12     | Reached skill level 1 in Air Magic
 13444 | D:12     | Noticed a two-headed ogre
 13447 | D:12     | Killed a two-headed ogre
 13974 | D:12     | Noticed a boulder beetle
 13995 | D:12     | Killed a boulder beetle
 14743 | Lair:1   | Entered Level 1 of the Lair of Beasts
 14801 | Lair:1   | Reached skill level 15 in Conjurations
 14801 | Lair:1   | Reached XP level 12. HP: 81/81 MP: 23/30
 14941 | Lair:1   | Noticed a five-headed hydra
 14944 | Lair:1   | Killed a five-headed hydra
 14945 | Lair:1   | Reached skill level 10 in Spellcasting
 15100 | Lair:1   | Found a dark tunnel.
 15106 | Volcano  | Entered a volcano
 15421 | Volcano  | Engulfed by a cloud of flame

Illustrated notes

Levels and vault maps discovered:
D:1:      dpeg_arrival_shrine, layout_loops_ring, serial_shops,
          nicolae_shop_trees, wander_ebering_terrifying_dragon_lair
D:2:      layout_rooms, shapermc_ecumenical_altar_totnotflames,
          solitary_fountain, minmay_tromino_i4
D:3:      layout_rooms, nicolae_overflow_squiral
D:4:      layout_cave_pools, serial_shops, kennysheep_mini_moat,
          gammafunk_ghost_cemetery
D:5:      layout_basic
D:6:      layout_rooms
D:7:      gammafunk_cloud_chamber, layout_basic, minmay_temple_entry_hall,
          hangedman_abyss_or_decor_stagger, uniq_menkaure
D:8:      layout_gridville, serial_undead, serial_undead_e, serial_undead_f,
          serial_undead_b, serial_undead_f, serial_undead_e, serial_undead_d,
          serial_undead_c, serial_undead_f, serial_undead_c, serial_undead_a,
          minmay_tree_intersection, uniq_maggie
D:9:      layout_cave_pools, gammafunk_ghost_hive
D:10:     layout_roguey
D:11:     layout_loops_ring, david_lair_generic, erik_orc_1
D:12:     layout_small_grid
Lair:1:   layout_roguey, enter_volcano_2, beast_lair_carwin_1,
          infiniplex_staircase_pool, serial_bayou_shore_b
Volcano:  volcano_lake [vl_original]

Skill      XL: |  1  2  3  4  5  6  7  8  9 10 11 12 |
---------------+-------------------------------------+-----
Spellcasting   | 2 3 4 5 6 7 8 9 10 | 10.0
Conjurations   | 4 5 6 8 10 11 13 15 | 15.2
Shields        | 1 4 |  4.0
Air Magic      | 2 3 |  3.2
Dodging        | |  1.7
Stealth        | |  1.7

Action                   |  1- 3 |  4- 6 |  7- 9 | 10-12 || total
-------------------------+-------+-------+-------+-------++-------
Melee: Unarmed           |     8 |     3 |       |       ||    11
 Cast: Magic Dart        |    97 |   126 |   140 |   122 ||   485
       Searing Ray       |     3 |     9 |    53 |    63 ||   128
       Iskenderun's Myst |       |       |    16 |    45 ||    61
       Orb of Destructio |       |       |       |    18 ||    18
       Lightning Bolt    |       |       |       |    12 ||    12
  Use: Scroll            |       |       |     7 |    12 ||    19
       Potion            |       |       |       |     3 ||     3
Armor: Robe              |     5 |     3 |     6 |    11 ||    25
       Steam dragon scal |       |       |       |     4 ||     4
Dodge: Dodged            |    13 |     8 |    27 |    47 ||    95
Block: Other             |       |     6 |     2 |       ||     8
       Buckler           |       |       |       |    24 ||    24
